 Dungeon Crawl Stone Soup version 0.26-a0-665-gefeb406119 (webtiles) character file.

Game seed: 14593452611315826799

3503 grandjackal the Skirmisher (level 9, 0/76 HPs)
             Began as a Demonspawn Gladiator on Oct 15, 2020.
             Was a Follower of Trog.
             Killed from afar by Erica (30 damage)
             ... with a lance of force
             ... on level 7 of the Dungeon.
             The game lasted 00:07:50 (5319 turns).

grandjackal the Skirmisher (Demonspawn Gladiator)   Turns: 5319, Time: 00:07:51

Health: 0/76       AC:  8    Str: 17    XL:     9   Next: 80%
Magic:  9/9        EV: 19    Int: 10    God:    Trog [*.....]
Gold:   330        SH:  0    Dex: 15    Spells: 8/8 levels left

rFire    + + .     SeeInvis .   y - +0 scimitar
rCold    + + .     Faith    .   (no shield)
rNeg     . . .     Spirit   .   i - +0 ring mail
rPois    +         Reflect  .   c - +0 helmet
rElec    +         Harm     .   q - scarf {rC+ rF+}
rCorr    +         Rampage  .   h - +0 pair of gloves
MR       .....                  (no boots)
Stlth    +.........             l - amulet of regeneration
HPRegen  3.62/turn              B - +4 ring of evasion (curse)
MPRegen  0.11/turn              (no ring)

@: resistant, berserk cooldown, slowed, very slow
A: hooves 1, rugged brown scales 1, powered by death 2, spiny 1
a: Berserk, Renounce Religion


You were on level 7 of the Dungeon.
You worshipped Trog.
Trog was aware of your devotion.
You visited 1 branch of the dungeon, and saw 8 of its levels.

You collected 374 gold pieces.
You spent 44 gold pieces at shops.

Inventory:

Hand Weapons
 j - a +0 dagger of venom
 y - a +0 scimitar (weapon)
Missiles
 d - 2 throwing nets (quivered)
Armour
 c - a +0 helmet (worn)
 h - a +0 pair of gloves (worn)
 i - a +0 ring mail (worn)
 q - a scarf of resistance (worn)
Jewellery
 l - an amulet of regeneration (around neck)
 B - a cursed +4 ring of evasion (left hand)
Wands
 p - a wand of iceblast (8)
 w - a wand of disintegration (20)
Scrolls
 g - a scroll of fog {unknown}
 k - a scroll of immolation {unknown}
 m - 3 scrolls of remove curse {unknown}
 n - 3 scrolls of enchant weapon {unknown}
 s - 3 scrolls of enchant armour {unknown}
 t - a scroll of magic mapping {unknown}
 u - 2 scrolls of teleportation {unknown}
 v - a scroll of fear {unknown}
 x - a scroll of random uselessness {unknown}
Potions
 a - a potion of might
 e - a potion of resistance
 f - 2 potions of stabbing
 o - a potion of flight {unknown}
 r - 4 potions of cancellation
 z - a potion of lignification {unknown}
 A - 3 potions of haste {unknown}


   Skills:
 + Level 7.8 Fighting
 + Level 7.4 Long Blades
 - Level 1.7 Throwing
 + Level 7.3 Dodging
 + Level 5.2 Evocations


You had 8 spell levels left.
You didn't know any spells.
Your spell library was empty.

Dungeon Overview and Level Annotations

Branches:
Dungeon (8/15)             Temple (0/1) D:6
   Lair: D:8-11

Altars:
Dithmenos
Gozag
Trog
Xom
Zin

Shops:
D:5 *

Annotations:
D:4 3 runed translucent doors, GoodGuyCap's ghost, amateur OpMo
D:8 Erica


Innate Abilities, Weirdness & Mutations

You have large cloven feet.
You are partially covered in rugged brown scales. (AC +1, +3% HP)
You regenerate health from kills.
You are partially covered in sharp spines.


Message History

* * * LOW HITPOINT WARNING * * *
You are knocked back by the lance of force.
Evoke which item? (* to show all) (? for menu, Esc to quit)
Aiming: Iceblast
Press: ? - help, Shift-Dir - straight line, f - sky beast
Aim: a sky beast (almost dead)
The mass of ice explodes!
The iceblast engulfs the sky beast!!
You kill the sky beast!
Trog accepts your kill.
The iceblast engulfs something!
Unknown command.
Unknown command.
Okay, then.
Evoke which item? (* to show all) (? for menu, Esc to quit)
Press: ? - help, Shift-Dir - straight line The mass of ice explodes!
The iceblast engulfs something!!
You hear some strange, mumbled words.
A lance of force appears from out of thin air!
The lance of force hits you!!
You die...

....######.##### ##....)....
.....# #..# ###.......
.....# ##.## #..##... .....#
##..####### #...#### .....#
##.........# ###..## .....#
##..........# #.#...# ....##
#...........# #.....## ....#
##...........# ##......##
.(.## #.....>...@..#
#.^....... .(.#
#......{.....#####.........
...#
##..........................
).##
#.............##............
..#
#.............#####.........
.## #............##
#........# ##
##............# #......###
#............## #...##.#
##.......##### ######.#


There were no monsters in sight!

Vanquished Creatures
  Harold (D:7)
  Maggie (D:8)
  3 orc warriors
  2 sky beasts (D:7)
  4 ogres
  3 centaurs
  Blork the orc (D:5)
  A bullfrog (D:7)
  A water moccasin skeleton (D:2)
  A scorpion (D:4)
  A centaur skeleton (D:4)
  3 hounds
  8 orc priests
  A quasit (D:7)
  9 orc wizards
  2 iguanas (D:7)
  2 jellies
  Natasha (thrice) (D:3)
  10 worker ants
  12 adders
  3 ufetubi
  An ooze (D:3)
  An adder skeleton (D:7)
  7 worms
  4 dart slugs
  A leopard gecko (D:2)
  25 orcs
  6 ball pythons
  9 giant cockroaches
  11 goblins
  6 hobgoblins
  3 jackals (D:6)
  9 kobolds
  3 quokkas
  5 bats
  7 frilled lizards
  11 rats
181 creatures vanquished.

Notes
Turn   | Place    | Note
-------+----------+-------------------------------------------
     0 | D:1      | grandjackal the Demonspawn Gladiator began the quest for
                  | the Orb.
     0 | D:1      | Reached XP level 1. HP: 16/16 MP: 1/1
    88 | D:1      | Gained mutation: You regenerate a little health from kills.
                  | [demonic ancestry]
    88 | D:1      | Reached XP level 2. HP: 22/22 MP: 2/2
   658 | D:2      | Gained mutation: You are partially covered in rugged brown
                  | scales. (AC +1, +3% HP) [demonic ancestry]
   658 | D:2      | Reached XP level 3. HP: 21/28 MP: 3/3
  1075 | D:2      | Reached XP level 4. HP: 36/36 MP: 4/4
  1298 | D:2      | Gained mutation: You regenerate health from kills. [demonic
                  | ancestry]
  1298 | D:2      | Reached XP level 5. HP: 42/42 MP: 5/5
  1396 | D:3      | Noticed an orc warrior
  1505 | D:2      | Killed an orc warrior
  1505 | D:2      | Gained mutation: You have large cloven feet. [demonic
                  | ancestry]
  1505 | D:2      | Reached XP level 6. HP: 17/49 MP: 6/6
  1600 | D:3      | Noticed Natasha
  1609 | D:3      | Killed Natasha
  1824 | D:3      | Found a faded altar of an unknown god.
  1891 | D:3      | Noticed Natasha
  1898 | D:3      | Killed Natasha
  1925 | D:3      | Noticed Natasha
  1931 | D:3      | Killed Natasha
  2246 | D:4      | Reached XP level 7. HP: 55/56 MP: 7/7
  2417 | D:4      | Reached skill level 5 in Long Blades
  2422 | D:4      | Reached skill level 5 in Fighting
  2422 | D:4      | Reached skill level 5 in Dodging
  2533 | D:4      | Found a glowing silver altar of Zin.
  2661 | D:4      | Found a runed translucent gate.
  2661 | D:4      | Found a runed translucent gate.
  2661 | D:4      | Found an opulent altar of Gozag.
  2661 | D:4      | Found a runed translucent gate.
  2661 | D:4      | Noticed GoodGuyCap's ghost (amateur OpMo)
  2998 | D:5      | Entered Level 5 of the Dungeon
  3072 | D:5      | Found a bloodstained altar of Trog.
  3098 | D:5      | Became a worshipper of Trog the Wrathful
  3126 | D:5      | Found Lecsuawu's Assorted Antiques.
  3138 | D:5      | Bought an amethyst potion for 22 gold pieces
  3138 | D:5      | Bought a murky orange potion for 22 gold pieces
  3194 | D:5      | Noticed Blork the orc
  3203 | D:5      | Killed Blork the orc
  3203 | D:5      | Reached skill level 1 in Evocations
  3203 | D:5      | Gained mutation: You are partially covered in sharp spines.
                  | [demonic ancestry]
  3203 | D:5      | Reached XP level 8. HP: 64/65 MP: 8/8
  3856 | D:6      | Found a shadowy altar of Dithmenos.
  3969 | D:6      | Found a staircase to the Ecumenical Temple.
  3996 | D:6      | Reached * piety under Trog
  4671 | D:7      | Reached XP level 9. HP: 64/73 MP: 9/9
  4703 | D:7      | Noticed Harold
  4716 | D:7      | Killed Harold
  5094 | D:7      | Found a shimmering altar of Xom.
  5297 | D:8      | Noticed Maggie
  5298 | D:8      | Noticed Erica
  5310 | D:8      | Killed Maggie
  5310 | D:8      | Reached skill level 5 in Evocations
  5319 | D:7      | Killed from afar by Erica

Illustrated notes

Levels and vault maps discovered:
D:1:      minmay_arrival_plants_in_alcoves, layout_loops_ring
D:2:      cheibrodos_helix_gallery, layout_rooms, chequers_garden,
          minmay_quantized
D:3:      minmay_door_path, layout_rooms, chequers_ecumenical_altar_twisty,
          hangedman_abyss_or_decor_lesser_grid, uniq_natasha
D:4:      layout_basic, zin_statuary, ebering_ghost_gozag
D:5:      layout_loops_corners, serial_shops, shop, trog_book,
          uniq_blork_the_orc
D:6:      layout_basic, grunt_dithmenos_smoke,
          minmay_temple_entry_gardened_gates, moated_statue
D:7:      layout_cave_pods, lemuel_doored_altar, uniq_harold
D:8:      layout_cave_pools, gammafunk_temple_overflow_forgotten,
          gammafunk_ghost_split, uniq_maggie, uniq_erica

Skill      XL: |  1  2  3  4  5  6  7  8  9 |
---------------+----------------------------+-----
Long Blades    | 3 4 5 6 7 |  7.4
Dodging        | 3 4 5 6 7 |  7.3
Fighting       | 3 4 5 6 7 |  7.8
Evocations     | 1 3 5 |  5.2
Throwing       | |  1.7

Action                   |  1- 3 |  4- 6 |  7- 9 || total
-------------------------+-------+-------+-------++-------
Melee: Long sword        |   125 |   169 |    96 ||   390
       Kick              |       |    31 |    99 ||   130
       Scimitar          |       |       |   138 ||   138
Throw: Throwing net      |       |     2 |       ||     2
Invok: Berserk           |       |       |     2 ||     2
Evoke: Wand              |       |       |     2 ||     2
  Use: Scroll            |       |       |     5 ||     5
       Potion            |       |       |     2 ||     2
 Stab: Held in net/web   |       |     1 |       ||     1
Armor: Leather armour    |     4 |       |       ||     4
       Ring mail         |    51 |    70 |    63 ||   184
Dodge: Dodged            |   115 |   135 |   187 ||   437
       Rpst.: Long sword |    34 |    38 |    23 ||    95
       Scimitar          |       |       |    37 ||    37

Table legend: (Time is in decaauts)
 A = Elapsed time spent in this place.
 B = Non-inter-level travel time spent in this place.
 C = Inter-level travel time spent in this place.
 D = Time resting spent in this place.
 E = Time spent auto-exploring this place.
 F = Levels seen in this place.
 G = Mean time per level.
                   A        B        C        D        E       F      G
               +--------+--------+--------+--------+--------+-----+--------+
         Total |   5419 |   5197 |    222 |    245 |   3809 |   8 |  677.4 |
       Dungeon |   5419 |   5197 |    222 |    245 |   3809 |   8 |  677.4 |
               +--------+--------+--------+--------+--------+-----+--------+

Top non-repeatable levels by time:
     D:2: 913 daAuts
     D:4: 874 daAuts
     D:5: 864 daAuts
     D:7: 822 daAuts
     D:1: 658 daAuts
     D:6: 641 daAuts
     D:3: 630 daAuts
     D:8: 14 daAuts
